 Dungeon Crawl Stone Soup version 0.21.1-1-g345015f (webtiles) character file.

60 tidbits the Grave Robber (level 4, 25/32 HPs)
             Began as a Gnoll Necromancer on June 29, 2018.
             Was a Follower of Uskayaw.
             Quit the game on level 3 of the Dungeon.
             The game lasted 00:03:36 (342 turns).

tidbits the Grave Robber (Gnoll Necromancer)         Turns: 342, Time: 00:03:37

Health: 25/32      AC:  2    Str: 10    XL:     4   Next: 6%
Magic:  4/11       EV: 15    Int: 19    God:    Uskayaw [*.....]
Gold:   25         SH:  0    Dex: 15    Spells: 5/13 levels left

rFire    . . .     SeeInvis .   d - +0 spear
rCold    . . .     Gourm    .   (no shield)
rNeg     . . .     Faith    .   a - +0 robe
rPois    .         Spirit   .   (no helmet)
rElec    .         Reflect  .   (no cloak)
rCorr    .         Harm     .   (no gloves)
MR       .....                  (no boots)
Stlth    +++.......             (no amulet)
HPRegen  0.10/turn              (no ring)
MPRegen  0.12/turn              (no ring)

@: no status effects
A: distributed training, fangs 1, strong nose
a: Stomp, Renounce Religion


You were on level 3 of the Dungeon.
You worshipped Uskayaw.
Uskayaw was noncommittal.
You were not hungry.

You visited 1 branch of the dungeon, and saw 3 of its levels.

You collected 25 gold pieces.

Inventory:

Hand Weapons
 d - a +0 spear (weapon)
 g - a +0 dagger
 h - a +0 falchion
Armour
 a - a +0 robe (worn)
Scrolls
 f - a scroll of enchant armour {unknown}
 i - a scroll of enchant weapon {unknown}
Potions
 e - a potion of agility {unknown}
Books
 b - a book of Necromancy

   Spells                             Type                      Level
   a - Pain                           Necromancy                   1
   b - Animate Skeleton               Necromancy                   1
   c - Vampiric Draining              Necromancy                   3
   d - Regeneration                   Charms/Necromancy            3
   e - Animate Dead                   Necromancy                   4
   f - Borgnjor's Vile Clutch         Necromancy/Earth             5
Comestibles
 c - 2 rations


   Skills:
 + Level 1.0 Fighting
 + Level 1.0 Short Blades
 + Level 1.0 Long Blades
 + Level 1.0 Axes
 + Level 1.0 Maces & Flails
 + Level 1.0 Polearms
 + Level 1.0 Staves
 + Level 1.0 Slings
 + Level 1.0 Bows
 + Level 1.0 Crossbows
 + Level 1.0 Throwing
 + Level 1.0 Armour
 + Level 4.6 Dodging
 + Level 4.2 Stealth
 + Level 1.0 Shields
 + Level 1.0 Unarmed Combat
 + Level 5.0 Spellcasting
 + Level 0.7 Conjurations
 + Level 0.7 Hexes
 + Level 0.7 Charms
 + Level 0.7 Summonings
 + Level 7.1 Necromancy
 + Level 0.7 Translocations
 + Level 0.7 Transmutations
 + Level 0.7 Fire Magic
 + Level 0.7 Ice Magic
 + Level 0.7 Air Magic
 + Level 0.7 Earth Magic
 + Level 0.7 Poison Magic
 + Level 1.1 Invocations
 + Level 1.0 Evocations


You had 5 spell levels left.
You knew the following spells:

 Your Spells              Type           Power        Failure   Level  Hunger
a - Pain                  Necr           ####         1%          1    None
d - Vampiric Draining     Necr           ####......   1%          3    ##.....
n - Animate Skeleton      Necr           N/A          1%          1    None
r - Regeneration          Chrm/Necr      ###.......   8%          3    ##.....


Dungeon Overview and Level Annotations

Branches:
Dungeon (3/15)

Altars:
Uskayaw


Innate Abilities, Weirdness & Mutations

Your experience applies equally to all skills.
You have very sharp teeth.
Your uncanny sense of smell can sniff out nearby items.


Message History

The kobold moves out of view.
Found a sapphire potion.
Attack whom?
Press: ? - help, Dir - move target cursor, f - kobold
Aim: a kobold, wielding a dagger You reach to attack!
You hit the kobold.
The kobold is severely wounded.
Casting: Pain
Confirm with . or Enter, or press ? or * to list all spells.
Aiming: Pain
Press: ? - help, Shift-Dir - straight line, f/p - kobold
Aim: a kobold, wielding a dagger (severely wounded, chance to defeat MR: 93%)
The kobold barely resists.
The kobold hits you with a dagger.
Casting: Pain
Confirm with . or Enter, or press ? or * to list all spells.
Aiming: Pain
Press: ? - help, Shift-Dir - straight line, f/p - kobold
Aim: a kobold, wielding a dagger (severely wounded, chance to defeat MR: 93%)
The kobold writhes in agony!
You kill the kobold!
Things that are here:
a dagger; a kobold corpse You see here a sapphire potion.
It was a potion of flight.
You feel very buoyant.
You fly up into the air.
There is an open door here.
Found 11 gold pieces.
Unknown command.
A bat comes into view.
You are starting to lose your buoyancy.
Found a hand axe.
Unknown command.
Casting: Pain
Confirm with . or Enter, or press ? or * to list all spells.
You can't see any susceptible monsters within range! (Use Z to cast anyway.)
A leopard gecko comes into view.
Attack whom?
Press: ? - help, Dir - move target cursor, f - leopard gecko
Aim: a leopard gecko (clinging)
You reach to attack!
You hit the leopard gecko but do no damage.
Casting: Pain
Confirm with . or Enter, or press ? or * to list all spells.
Aiming: Pain
Press: ? - help, Shift-Dir - straight line, f/p - leopard gecko
Aim: a leopard gecko (clinging, chance to defeat MR: 93%)
The leopard gecko writhes in agony!
You kill the leopard gecko!
You have reached level 4!
You feel clever.
Attack whom?
Press: ? - help, Dir - move target cursor, f - bat
Aim: a bat You reach to attack!
You miss the bat. The bat hits you but does no damage.
A leopard gecko comes into view.
You closely miss the bat. The bat completely misses you.
The bat closely misses you.
You hit the bat.
You kill the bat!
You float gracefully downwards.
A ball python comes into view.
The ball python hisses angrily.
You see here 11 gold pieces.
You now have 25 gold pieces (gained 11).
Attack whom?
Press: ? - help, Dir - move target cursor, f - ball python
Aim: a ball python You barely miss the ball python.
You bite the ball python.
The ball python is moderately wounded.
The ball python bites you but does no damage.
The ball python misses you.
Casting: Pain
Confirm with . or Enter, or press ? or * to list all spells.
Aiming: Pain
Press: ? - help, Shift-Dir - straight line, f/p - ball python
Aim: a ball python (moderately wounded, chance to defeat MR: 93%)
The ball python writhes in agony!
You kill the ball python!
Found a faded altar of an unknown god.
A frilled lizard comes into view.
The frilled lizard moves out of view.
You see here a hand axe.
You enter the shallow water.
Moving in this stuff is going to be slow.
The frilled lizard hisses angrily.
Casting: Pain
Confirm with . or Enter, or press ? or * to list all spells.
Aiming: Pain
Press: ? - help, Shift-Dir - straight line, f - frilled lizard
Aim: a frilled lizard (water, chance to defeat MR: 93%)
The frilled lizard writhes in agony!
You kill the frilled lizard!
An orc comes into view. It is wielding a dagger.
There is a faded altar of an unknown god here.
You cannot tell which god this altar belongs to.
Convert to them anyway?
Uskayaw accepts your prayer! Uskayaw welcomes you!
You can now stomp with the beat.
Are you sure you want to abandon this character and quit the game? (Confirm with "yes".)

#####.#......#.
....+...............
o.....≈.....≈.####.#
.≈.≈≈≈≈≈≈..≈).......
..≈≈≈≈≈≈≈≈≈≈..##.###
.l≈≈≈≈≈≈≈≈≈≈≈≈......
...≈≈≈≈≈≈≈≈≈≈.######
...≈≈≈..≈≈≈≈.≈#
.≈.≈≈≈.@.≈≈≈≈≈#
#..≈≈≈.≈.≈≈≈≈.#
#≈≈≈≈≈≈≈≈≈≈≈≈.....
#.≈≈≈≈≈≈≈≈≈≈.≈##.#
#.≈≈≈≈≈≈≈≈≈≈...♣∆♣
#.....≈..≈.....♣
#.≈....≈≈≈.....♣
#####.########.♣ #.
.♣


You could see an orc (sleeping) and a leopard gecko.

Vanquished Creatures
  An orc wizard (D:3)
  A worm (D:2)
  A dart slug (D:1)
  A leopard gecko (D:3)
  3 orcs (D:3)
  2 bats (D:3)
  3 goblins
  A hobgoblin (D:2)
  3 jackals (D:1)
  A ball python (D:3)
  3 frilled lizards
  A kobold (D:3)
  2 rats
23 creatures vanquished.

Notes
Turn   | Place    | Note
-------+----------+-------------------------------------------
     0 | D:1      | tidbits the Gnoll Necromancer began the quest for the Orb.
     0 | D:1      | Reached XP level 1. HP: 13/13 MP: 6/6
    75 | D:1      | Reached XP level 2. HP: 13/19 MP: 5/7
    78 | D:1      | Learned a level 1 spell: Animate Skeleton
   209 | D:3      | Reached skill level 5 in Spellcasting
   209 | D:3      | Reached skill level 1 in Invocations
   209 | D:3      | Reached XP level 3. HP: 6/25 MP: 0/9
   214 | D:3      | Learned a level 3 spell: Vampiric Draining
   218 | D:3      | Learned a level 3 spell: Regeneration
   263 | D:3      | Reached skill level 1 in Fighting
   263 | D:3      | Reached skill level 1 in Short Blades
   263 | D:3      | Reached skill level 1 in Long Blades
   263 | D:3      | Reached skill level 1 in Axes
   263 | D:3      | Reached skill level 1 in Maces & Flails
   263 | D:3      | Reached skill level 1 in Polearms
   263 | D:3      | Reached skill level 1 in Staves
   263 | D:3      | Reached skill level 1 in Slings
   263 | D:3      | Reached skill level 1 in Bows
   263 | D:3      | Reached skill level 1 in Crossbows
   263 | D:3      | Reached skill level 1 in Throwing
   263 | D:3      | Reached skill level 1 in Armour
   263 | D:3      | Reached skill level 1 in Shields
   263 | D:3      | Reached skill level 1 in Unarmed Combat
   263 | D:3      | Reached skill level 1 in Evocations
   319 | D:3      | Reached XP level 4. HP: 25/32 MP: 3/11
   329 | D:3      | Found a faded altar of an unknown god.
   341 | D:3      | Became a worshipper of Uskayaw the Reveler
   341 | D:3      | Reached * piety under Uskayaw
   342 | D:3      | Quit the game

Skill      XL: |  1  2  3 |
---------------+----------+-----
Spellcasting   | 5 |  5.0
Invocations    | 1 |  1.1
Fighting       | 1 |  1.0
Short Blades   | 1 |  1.0
Long Blades    | 1 |  1.0
Axes           | 1 |  1.0
Maces & Flails | 1 |  1.0
Polearms       | 1 |  1.0
Staves         | 1 |  1.0
Slings         | 1 |  1.0
Bows           | 1 |  1.0
Crossbows      | 1 |  1.0
Throwing       | 1 |  1.0
Armour         | 1 |  1.0
Shields        | 1 |  1.0
Unarmed Combat | 1 |  1.0
Evocations     | 1 |  1.0
Dodging        | |  4.6
Stealth        | |  4.2
Conjurations   | |  0.7
Hexes          | |  0.7
Charms         | |  0.7
Summonings     | |  0.7
Necromancy     | |  7.1
Translocations | |  0.7
Transmutations | |  0.7
Fire Magic     | |  0.7
Ice Magic      | |  0.7
Air Magic      | |  0.7
Earth Magic    | |  0.7
Poison Magic   | |  0.7

Action                   |  1- 3 |  4- 6 || total
-------------------------+-------+-------++-------
Melee: Spear             |    15 |     4 ||    19
       Bite              |     2 |     1 ||     3
 Cast: Pain              |    23 |     3 ||    26
       Animate Skeleton  |     1 |       ||     1
       Regeneration      |     1 |       ||     1
  Use: Potion            |     1 |       ||     1
 Stab: Sleeping          |     3 |       ||     3
Armor: Robe              |     3 |     2 ||     5
Dodge: Dodged            |     5 |     3 ||     8

Table legend:
 A = Turns spent in this place as a percentage of turns spent in the entire game.
 B = Non-inter-level travel turns spent in this place as a percentage of non-inter-level travel turns spent in the entire game.
 C = Inter-level travel turns spent in this place as a percentage of turns spent in this place.
 D = Turns resting spent in this place as a percentage of non-inter-level travel turns spent in this place.
 E = Turns spent auto-exploring this place as a percentage of non-inter-level travel turns spent in this place.
 F = Non-inter-level travel turns spent in this place divided by the number of levels of this place that you've seen.
                   A       B       C       D       E      F
               +-------+-------+-------+-------+-------+----------------------
         Total | 100.0 | 100.0 |   0.0 |   0.0 |   0.0 | 114.0
       Dungeon | 100.0 | 100.0 |   0.0 |   0.0 |   0.0 | 114.0
               +-------+-------+-------+-------+-------+----------------------

Table legend:
 A = Kills in this place as a percentage of kills in entire the game.
 B = Kills by you in this place as a percentage of kills by you in the entire game.
 C = Kills by friends in this place as a percentage of kills by friends in the entire game.
 D = Other kills in this place as a percentage of other kills in the entire game.
 E = Experience gained in this place as a percentage of experience gained in the entire game.
 F = Experience gained in this place divided by the number of levels of this place that you have seen.
                   A       B       C       D       E      F
               +-------+-------+-------+-------+-------+----------------------
         Total | 100.0 | 100.0 |   N/A |   N/A | 100.0 |  29.0
       Dungeon | 100.0 | 100.0 |   N/A |   N/A | 100.0 |  29.0
               +-------+-------+-------+-------+-------+----------------------

Vault maps used:
D:1:      dpeg_arrival_more_subterranean_lakeside_camping, minmay_heptomino_h4
D:2:      first_ration, uniq_jessica, uniq_terence
D:3:      chequers_ecumenical_altar_island, serial_forest,
          infiniplex_forest_pool, infiniplex_forest_straight_2,
          infiniplex_forest_clump_diagonal, infiniplex_forest_corner_1,
          infiniplex_forest_diagonal, infiniplex_forest_side_room,
          minmay_misc_feat_five, corner_web_ring
